 Dungeon Crawl Stone Soup version 0.27.0-1-g7a089689b8 (webtiles) character file.

Game seed: 1896428450632480616

1631 Spaninq the Grave Robber (level 8, -1/79 HPs)
             Began as an Ogre Necromancer on Aug 8, 2021.
             Was an Elder of Fedhas.
             Killed from afar by Pikel (13 damage)
             ... with a bolt of acid
             ... on level 6 of the Dungeon.
             The game lasted 00:23:24 (8149 turns).

Spaninq the Grave Robber (Ogre Necromancer)         Turns: 8149, Time: 00:23:25

Health: -1/79      AC:  3    Str: 14    XL:     8   Next: 98%
Magic:  2/17       EV: 10    Int: 17    God:    Fedhas [****..]
Gold:   1592       SH:  0    Dex:  9    Spells: 9/19 levels left

rFire    . . .     SeeInvis .   p - +3 war axe of Greed {freeze, rPois}
rCold    . . .     Faith    .   (no shield)
rNeg     . . .     Spirit   .   a - +0 robe
rPois    +         Reflect  .   k - +2 hat
rElec    .         Harm     .   h - +1 cloak
rCorr    .         Rampage  .   (gloves unavailable)
Will     .....                  (boots unavailable)
Stlth    +.........             (no amulet)
HPRegen  0.23/turn              (no ring)
MPRegen  0.15/turn              (no ring)

@: corroded
A: large, unfitting armour, tough skin 1
a: Renounce Religion, Wall of Briars, Grow Ballistomycete, Overgrow


You were on level 6 of the Dungeon.
You worshipped Fedhas.
Fedhas was greatly pleased with you.
You visited 1 branch of the dungeon, and saw 6 of its levels.
You also visited: Sewer.

You collected 1728 gold pieces.
You spent 136 gold pieces at shops.

Inventory:

Hand Weapons
 g - a +3 hand axe of venom
 p - the +3 war axe of Greed (weapon) {freeze, rPois}
   (You bought it in a shop on level 4 of the Dungeon)

   It freezes those it strikes, dealing additional cold damage.
   It can also slow down cold-blooded creatures.
   rPois:     It protects you from poison.
Armour
 a - a +0 robe (worn)
 h - a +1 cloak (worn)
 k - a +2 hat (worn)
 r - a scarf of invisibility
Jewellery
 l - an amulet of guardian spirit
Wands
 c - a wand of acid (11)
 f - a wand of flame (19)
Scrolls
 j - a scroll of fear
 m - a scroll of magic mapping
 n - a scroll of enchant weapon
 t - a scroll of holy word
Potions
 b - 3 potions of curing
 d - a potion of haste
 e - a potion of might
 i - 2 potions of magic
 o - 3 potions of heal wounds
 q - a potion of brilliance {unknown}


   Skills:
 + Level 4.7 Fighting
 - Level 2.4 Dodging
 - Level 1.4 Stealth
 + Level 6.4 Spellcasting
 - Level 2.0 Conjurations
 + Level 7.7 Necromancy
 - Level 2.0 Air Magic
 * Level 2.0 Invocations


You had 9 spell levels left.
You knew the following spells:

 Your Spells              Type           Power      Damage    Failure   Level
a - Pain                  Necr           100%       1d9       1%          1
b - Vampiric Draining     Necr           15%        2d8       1%          3
c - Apportation           Tloc           10%        N/A       12%         1
d - Shock                 Conj/Air       48%        1d6       5%          1
e - Animate Dead          Necr           15%        N/A       4%          4

Your spell library contained the following spells:

 Spells                   Type           Power      Damage    Failure   Level
 Animate Skeleton         Necr           62%        N/A       1%          1
 Corona                   Hex            5%         N/A       12%         1
 Summon Small Mammal      Summ           20%        N/A       12%         1
 Agony                    Necr           31%        N/A       14%         5
 Swiftness                Air            12%        N/A       16%         3
 Airstrike                Air            6%         N/A       47%         4
 Haunt                    Necr/Summ      9%         N/A       100%        7
 Infestation              Necr           15%        N/A       100%        8


Dungeon Overview and Level Annotations

Branches:
Dungeon (6/15)              Sewer (visited)
 Temple: D:4-7

Altars:
Cheibriados
Fedhas

Shops:
D:4 *

Annotations:
D:4 2 runed translucent doors, Thatpatchoflichen's ghost, amateur DrCj
D:6 Pikel


Innate Abilities, Weirdness & Mutations

You are too large for most types of armour.
You have tough skin. (AC +1)


Message History

Aim: Pikel, wielding a +2 whip of flaming, wearing a +2 robe and carrying a wand of acid (4)
You draw life force from Pikel!
You feel life coursing into your body. Pikel hits you but does no damage.
Casting: Vampiric Draining (safe; 1% risk of failure)
Confirm with . or Enter, or press ? or * to list all spells.
Aiming: Vampiric Draining (safe; 1% risk of failure)
Press: ? - help, Shift-Dir - straight line, f/p - Pikel
Aim: Pikel, wielding a +2 whip of flaming, wearing a +2 robe and carrying a wand of acid (4) (moderately wounded)
You draw life force from Pikel.
You feel life coursing into your body.
Pikel hits you with a +2 whip of flaming.
* * * LOW HITPOINT WARNING * * *
Pikel burns you.
* * * LOW HITPOINT WARNING * * *
Casting: Vampiric Draining (safe; 1% risk of failure)
Confirm with . or Enter, or press ? or * to list all spells.
Aiming: Vampiric Draining (safe; 1% risk of failure)
Press: ? - help, Shift-Dir - straight line, f/p - Pikel
Aim: Pikel, wielding a +2 whip of flaming, wearing a +2 robe and carrying a wand of acid (4) (moderately wounded)
You draw life force from Pikel!
You feel life coursing into your body. Pikel closely misses you.
Casting: Vampiric Draining (safe; 1% risk of failure)
Confirm with . or Enter, or press ? or * to list all spells.
Aiming: Vampiric Draining (safe; 1% risk of failure)
Press: ? - help, Shift-Dir - straight line, f/p - Pikel
Aim: Pikel, wielding a +2 whip of flaming, wearing a +2 robe and carrying a wand of acid (4) (severely wounded)
You draw life force from Pikel.
You feel life coursing into your body. Pikel misses you.
Casting: Vampiric Draining (safe; 1% risk of failure)
Confirm with . or Enter, or press ? or * to list all spells.
Aiming: Vampiric Draining (safe; 1% risk of failure)
Press: ? - help, Shift-Dir - straight line, f/p - Pikel
Aim: Pikel, wielding a +2 whip of flaming, wearing a +2 robe and carrying a wand of acid (4) (severely wounded)
You draw life force from Pikel!
You feel life coursing into your body.
Pikel hits you with a +2 whip of flaming!
* * * LOW HITPOINT WARNING * * *
Pikel burns you.
* * * LOW HITPOINT WARNING * * *
Pikel zaps a wand.
The bolt of acid hits you!
You die...
Fedhas appreciates your contribution to the ecosystem.

......[..
.....#..... ##
...... ......
.. #.## ..! ..
.# #.
#########.#
#.#
#....@.K55#
#.#
#.#######55..#
#.# ##....#
......# #.#
#...#.#
5..#..# #.#
###...#.# ...#
.# ..###
#.'...#.# K..#
# #...##
#.#...#.# 5..#
..#..##
#.###.#.# 5...
.###..###.#
#.#.#


You could see Pikel and 4 lemures.

Vanquished Creatures
  Maggie (D:6)
  Grinder (Sewer)
  An orc warrior (D:6)
  An ogre (D:5)
  A phantom (D:3)
  2 kobold brigands (Sewer)
  A water moccasin zombie (D:6)
  A scorpion (D:6)
  2 hounds
  A quasit (Sewer)
  2 jellies
  5 orc priests
  A bullfrog skeleton (D:5)
  An iguana (D:4)
  3 orc wizards
  A hound skeleton (D:4)
  3 gnolls (D:5)
  5 adders
  A river rat (D:5)
  A shadow imp (Sewer)
  A white imp (D:6)
  3 ufetubi (Sewer)
  An adder skeleton (D:5)
  3 worms
  6 dart slugs
  8 orcs
  8 bats
  5 endoplasms
  5 giant cockroaches
  6 goblins
  5 hobgoblins
  7 jackals (D:3)
  18 kobolds
  5 quokkas
  9 ball pythons
  5 frilled lizards
  A kobold zombie (Sewer)
  5 rats
136 creatures vanquished.

Vanquished Creatures (others)
  An endoplasm (Sewer)
  A kobold zombie (Sewer)
2 creatures vanquished.

Grand Total: 138 creatures vanquished

Notes
Turn   | Place    | Note
-------+----------+-------------------------------------------
     0 | D:1      | Spaninq the Ogre Necromancer began the quest for the Orb.
     0 | D:1      | Reached XP level 1. HP: 16/16 MP: 3/3
   527 | D:1      | Reached XP level 2. HP: 22/24 MP: 3/5
   616 | D:1      | Found a faded altar of an unknown god.
   627 | D:1      | Became a worshipper of Fedhas Madash
   627 | D:1      | Reached * piety under Fedhas
  1313 | D:2      | Reached XP level 3. HP: 27/31 MP: 1/7
  1374 | D:2      | Learned a level 3 spell: Vampiric Draining
  1406 | D:2      | Reached skill level 4 in Necromancy
  1828 | D:2      | Found a snail-covered altar of Cheibriados.
  2074 | D:2      | Reached XP level 4. HP: 14/39 MP: 1/9
  2548 | D:3      | Reached ** piety under Fedhas
  2549 | D:3      | Reached XP level 5. HP: 41/45 MP: 4/10
  3145 | D:3      | Learned a level 1 spell: Apportation
  3600 | D:3      | Noticed a phantom
  3609 | D:3      | Learned a level 1 spell: Shock
  3763 | D:3      | Killed a phantom
  3764 | D:3      | Reached skill level 5 in Necromancy
  3764 | D:3      | Reached XP level 6. HP: 12/53 MP: 0/12
  4323 | D:4      | Reached *** piety under Fedhas
  4576 | D:4      | Found a large runed translucent door.
  4576 | D:4      | Found a large runed translucent door.
  4580 | D:4      | Noticed Thatpatchoflichen's ghost (amateur DrCj)
  4947 | D:4      | Reached skill level 1 in Conjurations
  4947 | D:4      | Reached skill level 1 in Air Magic
  4947 | D:4      | Reached XP level 7. HP: 46/59 MP: 1/14
  5550 | D:4      | Found Onlur's Assorted Antiques.
  5680 | D:5      | Entered Level 5 of the Dungeon
  5744 | D:5      | Reached skill level 6 in Necromancy
  5954 | D:5      | Found a glowing drain.
  5958 | Sewer    | Entered a sewer
  6318 | Sewer    | Found a burning altar of Makhleb.
  6342 | Sewer    | Reached **** piety under Fedhas
  6351 | Sewer    | Reached skill level 1 in Fighting
  6351 | Sewer    | Reached skill level 5 in Spellcasting
  6375 | Sewer    | Noticed Grinder
  6390 | Sewer    | Paralysed by Grinder for 2 turns
  6398 | Sewer    | Killed Grinder
  6458 | Sewer    | Reached XP level 8. HP: 63/72 MP: 14/16
  6846 | D:5      | Identified 3 scrolls of acquirement
  6846 | D:5      | Acquired 546 gold pieces
  6848 | D:5      | Acquired 732 gold pieces
  6850 | D:5      | Acquired 272 gold pieces
  7225 | D:4      | Bought a twisted war axe for 136 gold pieces
  7225 | D:4      | Identified the +3 war axe of Greed {freeze, rPois} (You
                  | bought it in a shop on level 4 of the Dungeon)
  7249 | D:6      | Noticed Maggie
  7263 | D:6      | Killed Maggie
  7264 | D:6      | Reached skill level 7 in Necromancy
  7270 | D:6      | Learned a level 4 spell: Animate Dead
  7867 | D:6      | Reached skill level 1 in Invocations
  8132 | D:6      | Noticed Pikel
  8149 | D:6      | Killed from afar by Pikel

Illustrated notes

Levels and vault maps discovered:
D:1:      minmay_arrival_hallway, layout_basic,
          hellmonk_ecumenical_altar_zigzags
D:2:      layout_basic, basic_altar
D:3:      minmay_diamond_boxcup, layout_basic, item_on_display_a
D:4:      layout_basic, serial_shops, shop, ebering_ghost_disaster_area
D:5:      layout_gridville, gup_sewer_entry_spiral
D:6:      layout_basic, slow_altar_1, minmay_temple_entry_fiery,
          minmay_fractal_squares_gapless_5, uniq_pikel, uniq_maggie

Skill      XL: |  1  2  3  4  5  6  7  8 |
---------------+-------------------------+-----
Dodging        | 2 |  2.4
Spellcasting   | 3 4 5 6 |  6.4
Necromancy     | 4 5 6 7 |  7.7
Conjurations   | 1 2 |  2.0
Air Magic      | 1 2 |  2.0
Fighting       | 2 4 |  4.7
Invocations    | 2 |  2.0
Stealth        | |  1.4

Action                   |  1- 3 |  4- 6 |  7- 9 || total
-------------------------+-------+-------+-------++-------
Melee: Dagger            |    18 |    34 |       ||    52
       Hand axe          |       |       |    81 ||    81
       War axe           |       |       |    37 ||    37
 Cast: Pain              |    56 |   102 |    42 ||   200
       Vampiric Draining |     1 |    10 |    15 ||    26
       Shock             |       |    31 |     1 ||    32
       Animate Dead      |       |       |     1 ||     1
  Use: Scroll            |     3 |     6 |     9 ||    18
       Potion            |       |       |     2 ||     2
 Stab: Sleeping          |     1 |       |     1 ||     2
Armor: Robe              |     4 |    31 |    61 ||    96
Dodge: Dodged            |    28 |    58 |    85 ||   171
